 Dungeon Crawl Stone Soup version 0.23.2-33-g5129a83184 (webtiles) character file.

Game seed: 17147513341894343693

418 FishyPogo the Sneak (level 6, -2/32 HPs)
             Began as a Vine Stalker Assassin on Aug 5, 2019.
             Slain by a hound (3 damage)
             ... on level 4 of the Dungeon.
             The game lasted 00:26:53 (3001 turns).

FishyPogo the Sneak (Vine Stalker Assassin)         Turns: 3001, Time: 00:26:55

Health: -2/32      AC:  7    Str: 16    XL:     6   Next: 93%
Magic:  0/7        EV: 12    Int: 11    God:
Gold:   344        SH:  0    Dex: 17    Spells: 5/5 levels left

rFire    . . .     SeeInvis .   B - +7 mace of Egob {vamp, rC+ Str+2}
rCold    + . .     Gourm    .   (no shield)
rNeg     . . .     Faith    .   j - +0 leather armour
rPois    .         Spirit   +   (no helmet)
rElec    .         Reflect  .   d - +0 cloak
rCorr    .         Harm     .   p - +2 pair of gloves
MR       .....                  (no boots)
Stlth    +++.......             (no amulet)
HPRegen  0.50/turn              (no ring)
MPRegen  0.10/turn              (no ring)

@: no status effects
A: fangs 2, regeneration 1, magic shield, antimagic bite, no potion heal 3, rot
immunity
a: no special abilities


You were on level 4 of the Dungeon.
You were not hungry.

You visited 1 branch of the dungeon, and saw 4 of its levels.

You collected 344 gold pieces.

Inventory:

Hand Weapons
 a - a +2 dagger
 b - a +0 blowgun
 B - the +7 mace of Egob (weapon) {vamp, rC+ Str+2}
   (You found it on level 4 of the Dungeon)

   It inflicts no extra harm, but heals its wielder when it wounds a living foe.
   It affects your strength (+2).
   It protects you from cold.
Missiles
 f - 2 curare-tipped needles
 h - 34 stones (quivered)
 t - 4 poisoned needles
Armour
 d - a +0 cloak (worn)
 j - a +0 leather armour (worn)
 p - a +2 pair of gloves (worn)
Magical Staves
 v - an uncursed staff of air
Scrolls
 e - 2 scrolls of random uselessness {unknown}
 i - a scroll of enchant weapon {unknown}
 l - 3 scrolls of remove curse
 m - 3 scrolls of identify
 n - a scroll of amnesia {unknown}
 q - a scroll of teleportation {unknown}
 r - a scroll of noise {unknown}
 s - a scroll of blinking {unknown}
 y - a scroll of enchant armour {unknown}
 z - 2 scrolls of immolation {unknown}
Potions
 c - 4 potions of heal wounds {unknown}
 k - a potion of berserk rage {unknown}
 o - 3 potions of mutation {unknown}
 u - 2 potions of curing {unknown}
 w - a potion of haste {unknown}
 x - a potion of flight {unknown}
Comestibles
 g - 4 rations
 A - 6 chunks of flesh


   Skills:
 + Level 3.0 Fighting
 - Level 2.7 Short Blades
 * Level 1.4 Maces & Flails
 + Level 2.9 Throwing
 * Level 2.9 Armour
 + Level 2.2 Dodging
 - Level 5.0 Stealth


You had 5 spell levels left.
You didn't know any spells.
Your spell library was empty.

Dungeon Overview and Level Annotations

Branches:
Dungeon (4/15)
 Temple: D:4-7

Altars:
Nemelex Xobeh

Annotations:
D:4 Dowan, Duvessa, Natasha


Innate Abilities, Weirdness & Mutations

You have extremely sharp teeth.
Your natural rate of healing is unusually fast.
When hurt, damage is shared between your health and your magic reserves.
Your bite disrupts and absorbs the magic of your enemies.
Potions cannot restore your health.
You are immune to rotting.


Message History

Duvessa is severely wounded.
The hound barely misses you. Duvessa barely misses you.
The hound barely misses you. Duvessa misses you.
You barely miss Duvessa. You bite Duvessa. You drain her power.
You feel invigorated.
Duvessa is almost dead.
The hound closely misses you. The hound bites you.
Duvessa hits you with a +0 rapier. The hound bites you but does no damage.
You barely miss Duvessa.
Duvessa is almost dead.
The hound closely misses you. Duvessa hits you with a +0 rapier.
The hound barely misses you.
You hit Duvessa but do no damage.
Duvessa is almost dead.
The hound barely misses you. Duvessa hits you with a +0 rapier!
The ogre hits you with a +0 giant club!
* * * LOW HITPOINT WARNING * * *
A scorpion comes into view.
The hound bites you.
You die...

##.............##.....
.##....##..........e....
#............#..........
.......###..##..........
.......#.>e####....(...#
.........$## .........#
#.........# #......####
.......e#.# ##.....# #.
..##...@### ......# ..
#..O.h# #).##.. .
#......... .
#.....##....# . ......
.....s #..... ..#....
...... .####.. ..... ..
..


You could see Duvessa, an ogre, Dowan, a scorpion (wandering) and a hound.

Vanquished Creatures
  A water moccasin zombie (D:4)
  A howler monkey (D:3)
  A bullfrog skeleton (D:4)
  2 hounds
  2 worker ants (D:4)
  4 gnolls
  6 adders
  An adder skeleton (D:4)
  3 worms
  A leopard gecko (D:1)
  2 orcs (D:4)
  3 ball pythons
  8 bats
  5 giant cockroaches
  9 goblins
  8 hobgoblins
  3 jackals (D:2)
  A quokka (D:4)
  7 frilled lizards
  9 kobolds
  14 rats
91 creatures vanquished.

Notes
Turn   | Place    | Note
-------+----------+-------------------------------------------
     0 | D:1      | FishyPogo the Vine Stalker Assassin began the quest for the
                  | Orb.
     0 | D:1      | Reached XP level 1. HP: 11/11 MP: 2/2
   215 | D:1      | Reached skill level 5 in Stealth
   256 | D:1      | Reached skill level 1 in Dodging
   256 | D:1      | Reached XP level 2. HP: 12/15 MP: 3/3
   751 | D:2      | Reached XP level 3. HP: 18/18 MP: 4/4
   840 | D:2      | Reached skill level 1 in Armour
  1077 | D:2      | Gained mutation: Your natural rate of healing is unusually
                  | fast. [Vine Stalker growth]
  1077 | D:2      | Reached XP level 4. HP: 23/23 MP: 5/5
  1307 | D:1      | Reached XP level 5. HP: 22/27 MP: 4/6
  2300 | D:3      | Found a sparkling altar of Nemelex Xobeh.
  2498 | D:4      | Noticed Natasha
  2535 | D:4      | Noticed an ogre
  2739 | D:4      | Reached XP level 6. HP: 27/32 MP: 5/7
  2753 | D:4      | Got a crystal mace
  2765 | D:3      | Identified the +7 mace of Egob {vamp, rC+ Str+2} (You found
                  | it on level 4 of the Dungeon)
  2852 | D:4      | Reached skill level 1 in Maces & Flails
  2947 | D:4      | Noticed Duvessa
  2949 | D:4      | Noticed Dowan
  3001 | D:4      | HP: 1/32 [ogre/+0 giant club (10)]
  3001 | D:4      | Slain by a hound

Skill      XL: |  1  2  3  4  5  6 |
---------------+-------------------+-----
Stealth        | 5 |  5.0
Dodging        | 1 2 |  2.2
Fighting       | 2 3 |  3.0
Short Blades   | 2 |  2.7
Throwing       | 2 |  2.9
Armour         | 1 2 |  2.9
Maces & Flails | 1 |  1.4

Action                   |  1- 3 |  4- 6 || total
-------------------------+-------+-------++-------
Melee: Dagger            |    88 |   142 ||   230
       Bite              |    18 |    44 ||    62
       Mace              |       |    32 ||    32
 Fire: Blowgun           |    17 |    10 ||    27
Throw: Stone             |     6 |    36 ||    42
  Use: Scroll            |       |     2 ||     2
 Stab: Sleeping          |     7 |    13 ||    20
  Eat: Chunk             |       |     6 ||     6
       Ration            |       |     2 ||     2
Armor: Leather armour    |    29 |    44 ||    73
Dodge: Dodged            |    51 |   110 ||   161
